 Dungeon Crawl Stone Soup version 0.23.2-1-ga50397a (webtiles) character file.

Game seed: 2108950445334272952

4029 doot the Magician (level 10, 0/72 HPs)
             Began as a Demonspawn Wizard on Apr 27, 2019.
             Was a Follower of Vehumet.
             Slain by a porcupine (12 damage)
             ... on level 9 of the Dungeon.
             The game lasted 00:31:10 (11824 turns).

doot the Magician (Demonspawn Wizard)              Turns: 11824, Time: 00:31:11

Health: 0/72       AC:  8    Str:  8    XL:     10   Next: 4%
Magic:  21/21      EV: 14    Int: 19    God:    Vehumet [*.....]
Gold:   389        SH:  0    Dex: 15    Spells: 10/23 levels left

rFire    + . .     SeeInvis .   R - +6 dire flail (crush)
rCold    + . .     Gourm    .   (shield currently unavailable)
rNeg     . . .     Faith    .   O - +2 robe {rF+}
rPois    .         Spirit   .   b - +0 hat
rElec    .         Reflect  .   (no cloak)
rCorr    .         Harm     .   P - +0 pair of gloves
MR       +....                  (no boots)
Stlth    +++.......             G - amulet of magic regeneration
HPRegen  0.22/turn              s - ring of protection from cold
MPRegen  0.42/turn              p - ring of protection from magic

@: no status effects
A: icy blue scales 2, nightstalker 1
a: Renounce Religion


You were on level 9 of the Dungeon.
You worshipped Vehumet.
Vehumet was aware of your devotion.
You were not hungry.

You visited 2 branches of the dungeon, and saw 10 of its levels.

You collected 389 gold pieces.

Inventory:

Hand Weapons
 e - a +0 whip
 m - a +0 flail
 t - a +0 flail
 L - a +4 flail
 N - a +1 scimitar of flaming
 R - a +6 dire flail of crushing (weapon)
Armour
 a - a +0 robe
 b - a +0 hat (worn)
 w - a +1 leather armour of cold resistance
 H - quicksilver dragon scales
 O - a +2 robe of fire resistance (worn)
 P - a +0 pair of gloves (worn)
Magical Staves
 E - a cursed staff of fire
 J - an uncursed staff of poison
Jewellery
 n - an uncursed amulet of the gourmand
 p - a ring of protection from magic (right hand)
 s - a ring of protection from cold (left hand)
 y - an uncursed amulet of regeneration
 D - an uncursed amulet of guardian spirit
 G - an amulet of magic regeneration (around neck)
 K - a +5 ring of protection {unknown}
Wands
 F - a wand of polymorph (9)
Scrolls
 f - 4 scrolls of remove curse {unknown}
 g - 2 scrolls of random uselessness {unknown}
 h - 3 scrolls of immolation {unknown}
 i - 2 scrolls of fog {unknown}
 j - 8 scrolls of teleportation {unknown}
 k - 9 scrolls of identify {unknown}
 q - 3 scrolls of noise {unknown}
 u - a scroll of enchant armour {unknown}
 B - 2 scrolls of blinking {unknown}
 C - a scroll of vulnerability {unknown}
 I - a scroll of fear {unknown}
 S - a scroll of magic mapping {unknown}
Potions
 c - 5 potions of curing
 l - 2 potions of agility {unknown}
 o - a potion of degeneration {unknown}
 r - a potion of lignification {unknown}
 v - 4 potions of heal wounds {unknown}
 x - 2 potions of flight {unknown}
 z - a potion of brilliance {unknown}
 A - a potion of experience {unknown}
 Q - a potion of cancellation {unknown}
Comestibles
 d - 12 rations
 M - 2 chunks of flesh


   Skills:
 + Level 4.3 Fighting
 + Level 5.8 Maces & Flails
 + Level 2.7 Armour
 + Level 3.8 Dodging
 + Level 3.3 Stealth
 + Level 7.3 Spellcasting
 + Level 4.4 Conjurations
 + Level 4.4 Summonings
 + Level 2.3 Translocations
 + Level 0.6 Fire Magic
 + Level 1.4 Air Magic
 + Level 2.2 Poison Magic


You had 10 spell levels left.
You knew the following spells:

 Your Spells              Type           Power        Failure   Level  Hunger
a - Magic Dart            Conj           ###.         1%          1    None
b - Call Imp              Summ           ###.....     2%          2    None
c - Blink                 Tloc           N/A          5%          2    None
d - Slow                  Hex            #.......     14%         2    None
e - Mephitic Cloud        Conj/Pois/Air  ###.....     10%         3    #......
f - Conjure Flame         Conj/Fire      ###.....     11%         3    #......

Your spell library contained the following spells:

 Spells                   Type           Power        Failure   Level  Hunger
 Sandblast                Erth           #.....       10%         1    None


Dungeon Overview and Level Annotations

Branches:
Dungeon (9/15)             Temple (1/1) D:5
   Lair: D:8-11         Orc: D:9-12

Altars:
Ashenzari
Cheibriados
Dithmenos
Elyvilon
Fedhas
Gozag
Hepliaklqana
Kikubaaqudgha
Makhleb
Nemelex Xobeh
Okawaru
Qazlal
Ru
Sif Muna
Trog
Uskayaw
Vehumet
Wu Jian
Xom
Yredelemnul
Zin
The Shining One

Shops:
D:5 (   D:9 *

Annotations:
D:7 4 runed translucent doors


Innate Abilities, Weirdness & Mutations

You are mostly covered in icy blue scales. (AC +3)
You are slightly more attuned to the shadows.


Message History

Unknown command.
You closely miss the porcupine.
The porcupine is almost dead.
The bullfrog barely misses you. The porcupine closely misses you.
The bullfrog hits you but does no damage.
Unknown command.
You closely miss the bullfrog.
The bullfrog is almost dead.
The porcupine barely misses you. The bullfrog closely misses you.
Unknown command.
You are struck by the porcupine's spines.
* * * LOW HITPOINT WARNING * * *
You closely miss the porcupine.
The porcupine is almost dead.
The bullfrog closely misses you. The porcupine barely misses you.
The bullfrog barely misses you.
Your white imp is struck by the porcupine's spines.
Your white imp dies!
The porcupine bites you!
You die...

.>... ....##
#...########
#......#...#
#......#.# ..##
#.....÷..# ...##
##.###....# ....##
#...###.F.##
.....####5#####r@.#
.....##...##......#
.....#..####......#
.......5###...##..#
P.∩..##..##....####
...).#........##
........##÷#...#
...........#.....#
.................#


You could see a bullfrog and a porcupine.

Vanquished Creatures
  Harold (D:8)
  Erica (D:8)
  A two-headed ogre (D:8)
  A hornet (D:8)
  An ice beast (D:7)
  An orc warrior (D:7)
  2 black bears (D:7)
  A centaur (D:8)
  A crocodile (D:8)
  A bullfrog (D:7)
  A scorpion (D:5)
  A wight (D:7)
  5 howler monkeys
  A crimson imp (D:5)
  A bullfrog zombie (D:8)
  A jelly (D:8)
  An orc priest (D:7)
  A centaur skeleton (D:5)
  6 hounds
  3 orc wizards
  2 worker ants (D:8)
  A statue (D:7)
  A killer bee zombie (D:6)
  A hound zombie (D:7)
  A worker ant zombie (D:8)
  3 gnolls
  A howler monkey zombie (D:8)
  10 adders
  A shadow imp (D:7)
  2 adder skeletons
  An adder zombie (D:8)
  4 leopard geckos
  22 orcs
  5 giant cockroaches
  3 goblins (D:2)
  4 hobgoblins
  5 jackals
  5 kobolds
  2 quokkas
  3 ball pythons
  8 bats
  3 frilled lizards
  A jackal zombie (D:7)
  4 rats
125 creatures vanquished.

Vanquished Creatures (collateral kills)
  An ice beast (D:6)
  A centaur (D:6)
  A bullfrog (D:9)
  2 scorpions
  3 wights (D:7)
  A crimson imp (D:7)
  2 gnolls (D:2)
  2 adders
  A worm (D:3)
  A leopard gecko (D:7)
  3 orcs (D:3)
  A giant cockroach (D:3)
  2 hobgoblins
  3 jackals (D:3)
  A kobold (D:2)
  A rat (D:2)
26 creatures vanquished.

Vanquished Creatures (others)
  4 fungi (D:9)
4 creatures vanquished.

Grand Total: 155 creatures vanquished

Notes
Turn   | Place    | Note
-------+----------+-------------------------------------------
     0 | D:1      | doot the Demonspawn Wizard began the quest for the Orb.
     0 | D:1      | Reached XP level 1. HP: 13/13 MP: 4/4
   416 | D:1      | Gained mutation: You are partially covered in icy blue
                  | scales. (AC +2) [demonic ancestry]
   416 | D:1      | Reached XP level 2. HP: 6/19 MP: 0/6
   622 | D:1      | Learned a level 2 spell: Call Imp
   625 | D:1      | Learned a level 2 spell: Blink
   628 | D:1      | Learned a level 2 spell: Slow
   939 | D:2      | Found a basalt altar of Yredelemnul.
  1300 | D:2      | Reached XP level 3. HP: 24/24 MP: 1/8
  2269 | D:3      | Noticed an orc warrior
  2344 | D:3      | Found a shimmering altar of Xom.
  2345 | D:3      | Found a shimmering altar of Xom.
  2347 | D:3      | Found a shimmering altar of Xom.
  2347 | D:3      | Found a shimmering altar of Xom.
  2347 | D:3      | Found a shimmering altar of Xom.
  2351 | D:3      | Found a shimmering altar of Xom.
  2351 | D:3      | Found a shimmering altar of Xom.
  3016 | D:3      | Reached skill level 4 in Spellcasting
  3016 | D:3      | Reached XP level 4. HP: 30/30 MP: 6/10
  3238 | D:3      | Learned a level 3 spell: Mephitic Cloud
  4415 | D:4      | Reached skill level 1 in Maces & Flails
  4498 | D:4      | Gained mutation: You are mostly covered in icy blue scales.
                  | (AC +3) [demonic ancestry]
  4498 | D:4      | Reached XP level 5. HP: 34/35 MP: 11/11
  4832 | D:5      | Entered Level 5 of the Dungeon
  4852 | D:5      | Reached skill level 1 in Armour
  5142 | D:5      | Found a bloodstained altar of Trog.
  5175 | D:5      | Found a staircase to the Ecumenical Temple.
  5192 | D:5      | Reached XP level 6. HP: 40/42 MP: 7/12
  5215 | Temple   | Entered the Ecumenical Temple
  6644 | D:5      | Found Yjuon's Weapon Shop.
  7229 | D:5      | Found a glowing silver altar of Zin.
  7229 | D:5      | Noticed an angel
  7432 | D:6      | Noticed an ice beast
  7448 | D:6      | Killed an ice beast
  7905 | D:6      | Reached skill level 1 in Fighting
  8063 | D:6      | Reached skill level 5 in Spellcasting
  8063 | D:6      | Reached XP level 7. HP: 37/48 MP: 1/14
  8288 | D:6      | Learned a level 3 spell: Conjure Flame
  8661 | D:7      | Found a large runed translucent door.
  8662 | D:7      | Found a large runed translucent door.
  8664 | D:7      | Noticed a red ugly thing
  8865 | D:7      | Found a large runed translucent door.
  8865 | D:7      | Found a large runed translucent door.
  8951 | D:7      | Reached XP level 8. HP: 37/56 MP: 3/16
  9081 | D:7      | Found a blossoming altar of Fedhas.
  9150 | D:7      | Found a radiant altar of Vehumet.
  9187 | D:7      | Reached skill level 1 in Translocations
  9420 | D:7      | Became a worshipper of Vehumet
  9921 | D:7      | Reached skill level 6 in Spellcasting
 10179 | D:7      | Found an iron altar of Okawaru.
 10179 | D:7      | Found a snail-covered altar of Cheibriados.
 10180 | D:7      | Found an ornate altar of the Wu Jian Council.
 10180 | D:7      | Found a shattered altar of Ashenzari.
 10184 | D:7      | Found a glowing golden altar of the Shining One.
 10292 | D:8      | Noticed a two-headed ogre
 10467 | D:8      | Killed a two-headed ogre
 10467 | D:8      | Reached skill level 1 in Poison Magic
 10467 | D:8      | Gained mutation: You are slightly more attuned to the
                  | shadows. [demonic ancestry]
 10467 | D:8      | Reached XP level 9. HP: 36/64 MP: 8/18
 10629 | D:8      | Noticed Erica
 10641 | D:8      | Killed Erica
 10641 | D:8      | Reached skill level 5 in Maces & Flails
 10641 | D:8      | Reached skill level 1 in Air Magic
 10791 | D:8      | Reached skill level 7 in Spellcasting
 11174 | D:8      | Reached * piety under Vehumet
 11174 | D:8      | Offered knowledge of Sandblast by Vehumet.
 11595 | D:8      | Noticed Harold
 11607 | D:8      | Killed Harold
 11607 | D:8      | Reached XP level 10. HP: 67/72 MP: 16/21
 11782 | D:9      | Found Ofyidot's General Store.
 11824 | D:9      | Slain by a porcupine

Skill      XL: |  1  2  3  4  5  6  7  8  9 |
---------------+----------------------------+-----
Dodging        | 2 3 |  3.8
Stealth        | 2 3 |  3.3
Spellcasting   | 4 5 6 7 |  7.3
Maces & Flails | 1 2 3 4 5 |  5.8
Armour         | 1 2 |  2.7
Summonings     | 2 3 4 |  4.4
Fighting       | 1 2 3 4 |  4.3
Conjurations   | 2 3 4 |  4.4
Translocations | 1 2 |  2.3
Poison Magic   | 1 2 |  2.2
Air Magic      | 1 |  1.4
Fire Magic     | |  0.6

Action                   |  1- 3 |  4- 6 |  7- 9 | 10-12 || total
-------------------------+-------+-------+-------+-------++-------
Melee: Whip              |    64 |    16 |       |       ||    80
       Flail             |       |   133 |   238 |       ||   371
       Dire flail        |       |       |       |    15 ||    15
 Cast: Magic Dart        |    53 |    88 |   144 |       ||   285
       Call Imp          |    20 |    36 |    30 |     2 ||    88
       Mephitic Cloud    |       |     7 |    13 |       ||    20
       Blink             |       |     3 |     7 |       ||    10
       Conjure Flame     |       |       |    13 |       ||    13
  Use: Potion            |       |     1 |       |       ||     1
 Stab: Sleeping          |     2 |     4 |     3 |     1 ||    10
       Confused          |       |     1 |     4 |       ||     5
  Eat: Chunk             |     7 |    19 |    12 |     1 ||    39
Armor: Robe              |    20 |    13 |     8 |    14 ||    55
       Leather armour    |       |    52 |    70 |       ||   122
Dodge: Dodged            |    69 |   140 |   195 |    23 ||   427
